 Dungeon Crawl Stone Soup version 0.21-a0-196-g6a663c0 (webtiles) character file.

554 namelastname112 the Conjurer (level 7, 57/57 HPs)
             Began as a Pale Draconian Conjurer on Aug 15, 2017.
             Quit the game on level 5 of the Dungeon.
             The game lasted 00:05:45 (4493 turns).

namelastname112 the Conjurer (DrCj)                 Turns: 4493, Time: 00:05:46

Health: 57/57      AC:  7    Str: 11    XL:     7   Next: 8%
Magic:  12/12      EV: 14    Int: 20    God:
Gold:   283        SH:  0    Dex: 15    Spells: 10/13 levels left

rFire    . . .     SeeInvis .   n - +0 dagger (venom)
rCold    . . .     Gourm    .   (no shield)
rNeg     . . .     Faith    .   (armour unavailable)
rPois    .         Spirit   .   (helmet restricted)
rElec    .         Reflect  .   G - +0 cloak
rCorr    .         Harm     .   (no gloves)
MR       .....                  (no boots)
Stlth    ++........             (no amulet)
HPRegen  0.19/turn              y - +4 ring of dexterity
MPRegen  0.13/turn              w - +3 ring of intelligence

@: no status effects
A: breathe steam, unfitting armour, cold-blooded, AC +6
a: Breathe Steam


You were on level 5 of the Dungeon.
You were not hungry.

You visited 1 branch of the dungeon, and saw 5 of its levels.

You collected 283 gold pieces.

Inventory:

Hand Weapons
 n - a +0 dagger of venom (weapon)
Missiles
 r - 2 throwing nets (quivered)
Armour
 G - a +0 cloak (worn)
Jewellery
 w - a +3 ring of intelligence (right hand)
 y - a +4 ring of dexterity (left hand)
 E - the ring "Jysh" {Wiz -Tele rPois rC+}
   (You found it on level 4 of the Dungeon)

   [ring of wizardry]

   It improves your spell success rate.
   It protects you from cold.
   It protects you from poison.
   It prevents most forms of teleportation.
Wands
 v - a wand of polymorph (1/24)
 F - a wand of paralysis (7/24)
Scrolls
 c - a scroll of noise {unknown}
 f - 4 scrolls of recharging {unknown}
 h - 2 scrolls of magic mapping {unknown}
 i - 5 scrolls of identify {unknown}
 m - 4 scrolls of amnesia {unknown}
 p - 2 scrolls of remove curse {unknown}
 s - 3 scrolls of enchant armour {unknown}
 x - a scroll of random uselessness {unknown}
 A - 6 scrolls of teleportation {unknown}
Potions
 e - a potion of haste {unknown}
 g - a potion of resistance {unknown}
 k - a potion of invisibility {unknown}
 l - 2 potions of curing {unknown}
 o - a potion of ambrosia {unknown}
 t - 2 potions of heal wounds
 u - 2 potions of flight {unknown}
 z - a potion of mutation {unknown}
 B - a potion of lignification {unknown}
 C - a potion of degeneration {unknown}
 D - a potion of berserk rage {unknown}
Books
 a - a book of Conjurations

   Spells                             Type                      Level
   a - Magic Dart                     Conjuration                  1
   b - Searing Ray                    Conjuration                  2
   c - Dazzling Spray                 Conjuration/Hexes            3
   d - Fulminant Prism                Conjuration/Hexes            4
   e - Force Lance                    Conjuration/Translocation    4
   f - Iskenderun's Mystic Blast      Conjuration                  4
Comestibles
 b - 3 bread rations
 d - 7 fruits
 j - 6 royal jellies
 q - a meat ration
 H - 4 chunks of flesh


   Skills:
 + Level 3.2 Fighting
 + Level 3.6 Dodging
 - Level 1.7 Stealth
 + Level 3.5 Spellcasting
 * Level 6.2 Conjurations


You had 10 spell levels left.
You knew the following spells:

 Your Spells              Type           Power        Failure   Level  Hunger
x - Searing Ray           Conj           ####..       1%          2    ##.....
z - Magic Dart            Conj           ####         1%          1    None


Dungeon Overview and Level Annotations

Branches:
Dungeon (5/15)
 Temple: D:4-7

Altars:
Dithmenos


Innate Abilities, Weirdness & Mutations

You can breathe blasts of scalding, opaque steam.
Your pale cyan-grey scales are hard. (AC +6)
You cannot fit into any form of body armour.
You are cold-blooded and may be slowed by cold attacks.


Message History

(Press . to maintain the ray.)
You regained 5 hp, and now have 41/57 hp.
You now have 3/12 mp.
Things that are here:
a shortbow; 17 arrows; a centaur corpse You butcher the centaur corpse.
H - 5 chunks of flesh
Things that are here:
a shortbow; 17 arrows; a centaur skeleton You start resting.
Eating one of 5 chunks of flesh.
You eat one of the 5 chunks of flesh.
This raw flesh tastes terrible.
Magic restored.
You regained 12 hp, and now have 53/57 hp.
MP restored: 12 You start resting.
HP restored.
Health restored: 57 You start waiting.
Done waiting.
Are you sure you want to abandon this character and quit the game? (Confirm with "yes".)

#.#
#.######
#....#..
####.#.#
#.#.#
#.#$#
#.#.#
#.#)#
#.@.#
#####


There were no monsters in sight!

Vanquished Creatures
  A centaur (D:5)
  Blork the orc (D:4)
  A bullfrog (D:4)
  A scorpion (D:4)
  An orc priest (D:5)
  2 orc wizards
  3 worker ants (D:4)
  A hound skeleton (D:4)
  4 adders
  An adder skeleton (D:4)
  2 worms
  3 dart slugs
  A leopard gecko (D:2)
  8 orcs
  3 giant cockroaches
  8 hobgoblins
  3 jackals (D:4)
  9 kobolds
  3 ball pythons
  7 bats
  9 frilled lizards
  5 goblins
  4 rats
81 creatures vanquished.

Notes
Turn   | Place    | Note
-------+----------+-------------------------------------------
     0 | D:1      | namelastname112 the Draconian Conjurer began the quest for the Orb.
     0 | D:1      | Reached XP level 1. HP: 14/14 MP: 3/3
   294 | D:1      | Reached XP level 2. HP: 20/20 MP: 0/5
   323 | D:1      | Learned a level 2 spell: Searing Ray
   889 | D:2      | Reached XP level 3. HP: 25/27 MP: 1/6
   905 | D:2      | Reached skill level 1 in Fighting
  1502 | D:2      | Reached XP level 4. HP: 35/35 MP: 5/7
  2687 | D:3      | Reached skill level 5 in Conjurations
  2957 | D:4      | Noticed Blork the orc
  3201 | D:4      | Reached XP level 5. HP: 26/41 MP: 9/9
  3444 | D:4      | Killed Blork the orc
  3606 | D:4      | Reached XP level 6. HP: 50/50 MP: 5/10
  3617 | D:4      | Found a shadowy altar of Dithmenos.
  3987 | D:4      | Got a glittering platinum ring
  4002 | D:4      | Identified the ring "Jysh" {Wiz -Tele rPois rC+} (You found it on level 4 of the Dungeon)
  4148 | D:5      | Entered Level 5 of the Dungeon
  4166 | D:4      | Reached skill level 6 in Conjurations
  4308 | D:5      | Your scales start taking on a pale cyan-grey colour.
  4308 | D:5      | Reached XP level 7. HP: 41/57 MP: 3/12
  4493 | D:5      | Quit the game

Vault maps used:
D:1:      dpeg_arrival_oval
D:4:      grunt_dithmenos_smoke_and_mirrors, uniq_blork_the_orc
D:5:      lemuel_round_altar, minmay_temple_entry_statues_pillars, first_bread,
          minmay_crystal_room, uniq_pikel

Skill      XL: |  1  2  3  4  5  6 |
---------------+-------------------+-----
Dodging        | 2 3 |  3.6
Fighting       | 1 2 3 |  3.2
Conjurations   | 5 6 |  6.2
Spellcasting   | 3 |  3.5
Stealth        | |  1.7

Action                   |  1- 3 |  4- 6 |  7- 9 || total
-------------------------+-------+-------+-------++-------
Melee: Unarmed           |    10 |    20 |       ||    30
       Dagger            |    33 |    67 |       ||   100
       Tailslap          |    10 |    12 |       ||    22
 Cast: Magic Dart        |    66 |    75 |       ||   141
       Searing Ray       |       |     4 |     1 ||     5
  Use: Potion            |       |     1 |       ||     1
 Stab: Sleeping          |     1 |       |       ||     1
  Eat: Chunk             |     3 |     7 |     1 ||    11
       Fruit             |       |     1 |       ||     1
Armor: Skin              |    14 |    34 |       ||    48
Dodge: Dodged            |    24 |    70 |       ||    94
